AoeStats
← Larri with a Y

Arena

508487316Analyzed
2v2 RM · 8d ago on Sep 22, 2026· 54m 21s· 4 players
Game mode
Random Map
Map size
Medium (4 player)
Population
200
Speed
Normal
Resources
Standard
Victory
Conquest
Starting age
Dark Age
Ending age
Imperial Age
RankedLock teamsTeams togetherTeam positionsShared explorationLock speedFull tech treeHidden civsTurbo modeCheats
Victory
Defeat
🇸🇪 Random · Sweden
831
+18
🇸🇪 Bengalis · Sweden
820
+19
🇸🇮 Franks · Slovenia
896
-19
🇸🇮 Goths · Slovenia
869
-18
abbe-sch
12:18 Feudal Age
13:17 Double-Bit Axe
16:13 Castle Age
14:22 Horse Collar
14:51 Stone Mining
19:06 Bow Saw
20:30 Loom
23:13 Wheelbarrow
23:44 Gold Mining
24:05 Heavy Plow
24:58 Scale Barding Armor
25:04 Forging
26:07 Stone Shaft Mining
25:49 Pikeman
27:06 Town Watch
27:43 Squires
32:12 Imperial Age
30:50 Hand Cart
32:39 Chain Barding Armor
32:23 Scale Mail Armor
33:48 Town Patrol
34:23 Padded Archer Armor
35:01 Plate Barding Armor
35:04 Iron Casting
34:44 Chain Mail Armor
37:30 Halberdier
37:58 Arson
38:17 Elite Jarl
39:36 Plate Mail Armor
40:06 Blast Furnace
39:39 Plate Mail Armor
39:08 Capped Ram
40:47 Ballistics
40:38 Masonry
45:37 Conscription
46:06 Padded Archer Armor
45:56 Fletching
47:38 Fervor
47:19 Siege Ram
51:16 Architecture
50:52 Siege Engineers
51:00 Fortified Wall
50:33 Treadmill Crane
50:49 Murder Holes
50:45 Guard Tower
51:56 Chemistry
50:24 Elite Skirmisher
50:26 Elite Varangian Guard
50:52 Gambesons
Shlebon
11:52 Feudal Age
15:01 Double-Bit Axe
18:19 Castle Age
16:21 Double-Bit Axe
17:35 Horse Collar
22:09 Bow Saw
22:10 Stone Mining
23:06 Loom
25:21 Wheelbarrow
24:32 Town Watch
25:38 Forging
25:58 Scale Mail Armor
26:03 Scale Barding Armor
27:34 Squires
28:38 Hand Cart
28:24 Town Patrol
29:22 Iron Casting
29:08 Chain Barding Armor
30:46 Husbandry
31:02 Bloodlines
32:28 Paiks
35:03 Imperial Age
33:43 Gold Mining
35:42 Gold Shaft Mining
36:35 Elite Battle Elephant
38:44 Chemistry
39:34 Plate Barding Armor
39:02 Heavy Plow
40:05 Two-Man Saw
38:53 Elite Ratha (Ranged)
40:30 Pikeman
41:36 Paiks
43:38 Elite Elephant Archer
47:14 Blast Furnace
49:45 Padded Archer Armor
49:36 Fletching
50:01 Chain Mail Armor
Macolar
13:54 Feudal Age
19:52 Castle Age
18:37 Double-Bit Axe
25:28 Gold Mining
25:54 Bow Saw
27:07 Scale Barding Armor
30:37 Elite Skirmisher
32:43 Chain Barding Armor
33:10 Wheelbarrow
33:03 Pikeman
34:54 Forging
34:51 Pikeman
39:47 Imperial Age
38:03 Iron Casting
38:00 Scale Mail Armor
39:13 Fletching
40:35 Cavalier
40:41 Halberdier
Larri with a Y
11:43 Feudal Age
11:35 Loom
13:13 Double-Bit Axe
13:08 Man-at-Arms
18:49 Castle Age
17:02 Man-at-Arms
18:15 Gold Mining
18:07 Horse Collar
18:54 Fletching
22:04 Squires
21:25 Pikeman
26:57 Town Watch
28:32 Long Swordsman
31:21 Forging
31:11 Scale Mail Armor
32:19 Bodkin Arrow
32:02 Elite Skirmisher
32:55 Town Patrol
35:11 Wheelbarrow
37:22 Hand Cart
40:09 Imperial Age
38:04 Hand Cart
38:37 Chain Mail Armor
38:56 Ballistics
39:10 Bow Saw
38:53 Crossbowman
40:00 Padded Archer Armor
40:37 Iron Casting
40:22 Halberdier
40:23 Two-Handed Swordsman
41:39 Leather Archer Armor
47:36 Elite Huskarl
48:20 Perfusion
48:21 Anarchy
53:24 Blast Furnace
Connection lost

Rejoining the realm…

Still unreachable

The connection could not be restored.

Session expired

The server has moved on; the page needs a fresh start.